[Event "ICC tourney 2675 (25 5)"]
[Site "Internet Chess Club"]
[Date "2021.09.18"]
[Round "5"]
[White "HOSUR, SANMITA:phosur"]
[Black "LIN, SYLVIA:K09-16713708"]
[Result "0-1"]
[ICCResult "White forfeits on time"]
[WhiteElo "1123"]
[BlackElo "1264"]
[Opening "QGD semi-Slav"]
[ECO "D43"]
[NIC "SL.06"]
[Time "17:00:13"]
[TimeControl "1500+5"]

1. d4 d5 2. c4 e6 3. Nc3 c6 4. Nf3 Nf6 5. Bg5 Be7 6. e3 a6 7. Be2 Nbd7 8.
O-O b5 9. b3 Bb7 10. Rc1 Rc8 11. Bd3 O-O 12. h3 Nb6 13. Ne2 Qd7 14. Ne5 Qe8
15. Qc2 h6 16. Bh4 Nbd7 17. f4 dxc4 18. bxc4 c5 19. Qb2 Nxe5 20. fxe5 Ne4
21. Bxe7 Qxe7 22. Bxe4 Bxe4 23. cxb5 cxd4 24. exd4 axb5 25. Qxb5 Rb8 26. Qa5
Ra8 27. Qd2 Rfb8 28. Nc3 Bd5 29. Nxd5 exd5 30. Qf2 Rb7 31. Rc5 Qe6 32. Rfc1
Rba7 33. Qf3 Rd7 34. Rc8+ Rxc8 35. Rxc8+ Kh7 36. Qd3+ g6 37. Qa3 Re7 38. Qa8
g5 39. Rh8+ Kg6 40. g4 f6 41. Qf8 Rg7 42. a4 fxe5 43. dxe5 Qxe5 44. a5 Qe1+
{White forfeits on time}
0-1